 Dungeon Crawl Stone Soup version 0.23.1-37-gaa34b87 (webtiles) character file.

Game seed: 418375555630924606

14 Irenicus the Chopper (level 2, -1/27 HPs)
             Began as a Deep Dwarf Monk on Mar 23, 2019.
             Slain by a kobold (2 damage)
             ... on level 1 of the Dungeon.
             The game lasted 00:01:04 (250 turns).

Irenicus the Chopper (Deep Dwarf Monk)               Turns: 250, Time: 00:01:05

Health: -1/27      AC:  2    Str: 14    XL:     2   Next: 31%
Magic:  2/2        EV: 13    Int: 10    God:
Gold:   31         SH:  0    Dex: 15    Spells: 1/1 levels left

rFire    . . .     SeeInvis .   a - +0 hand axe
rCold    . . .     Gourm    .   (no shield)
rNeg     . . .     Faith    .   b - +0 robe
rPois    .         Spirit   .   (no helmet)
rElec    .         Reflect  .   (no cloak)
rCorr    .         Harm     .   (no gloves)
MR       .....                  (no boots)
Stlth    ++........             (no amulet)
HPRegen  0.00/turn              (no ring)
MPRegen  0.08/turn              (no ring)

@: non-regenerating
A: damage resistance, heal wounds, sense surroundings 1, no regeneration
a: Heal Wounds


You were on level 1 of the Dungeon.
You were not hungry.

You visited 1 branch of the dungeon, and saw 1 of its levels.

You collected 31 gold pieces.

Inventory:

Hand Weapons
 a - a +0 hand axe (weapon)
Armour
 b - a +0 robe (worn)
Scrolls
 d - a scroll of enchant armour {unknown}
 f - a scroll of remove curse {unknown}
Potions
 e - a potion of heal wounds {unknown}
 g - a potion of might {unknown}
Comestibles
 c - 2 rations


   Skills:
 - Level 2.6 Fighting
 + Level 4.2 Axes
 - Level 3.2 Dodging
 - Level 2.4 Stealth


You had one spell level left.
You didn't know any spells.
Your spell library was empty.

Dungeon Overview and Level Annotations

Branches:
Dungeon (1/15)

Altars:


Innate Abilities, Weirdness & Mutations

You are resistant to damage.
You can heal yourself by infusing magical energy.
You passively map a small area around you.
You do not regenerate.


Message History

The rat misses you.
You hit the rat but do no damage. The rat misses you.
You barely miss the rat. The rat closely misses you.
You closely miss the rat. The rat bites you.
You take 1 damage, and have 11/20 hp.
You closely miss the rat. The rat bites you but does no damage.
You hit the rat but do no damage. The rat closely misses you.
You barely miss the rat. The rat closely misses you.
You hit the rat but do no damage. The rat closely misses you.
You hit the rat but do no damage. The rat barely misses you. The rat bites you.
You take 1 damage, and have 10/20 hp.
You barely miss the rat. The rat barely misses you.
You hit the rat but do no damage. The rat bites you.
You closely miss the rat. The rat closely misses you.
You hit the rat.
You kill the rat!
A hobgoblin comes into view. It is wielding a +0 club.
The hobgoblin shouts!
A goblin comes into view.
The goblin shouts!
You hit the hobgoblin.
You kill the hobgoblin!
Your Axes skill increases to level 4!
You have reached level 2!
You regained 3 hp, and now have 13/27 hp.
MP restored: 2
Things that are here:
a +0 club; a hobgoblin corpse You miss the goblin.
The goblin hits you.
You take 2 damage, and have 11/27 hp.
You hit the goblin.
You kill the goblin!
You see here a goblin corpse.
You see here 21 arrows.
You open the door.
There is an open door here.
d - a scroll labeled EMEURIE ZEIKOT
There is an open door here.
e - a red potion
f - a scroll labeled RARCHA QERU A hobgoblin comes into view.
It is wielding a -2 club.
A kobold comes into view. It is wielding a +0 club.
A rat comes into view.
The kobold completely misses you.
You hit the kobold.
You kill the kobold!
Found a stone staircase leading down.
Things that are here:
a +0 club; a kobold corpse The helpless hobgoblin fails to defend itself.
You hit the hobgoblin. The hobgoblin barely misses you.
You hit the hobgoblin but do no damage.
The hobgoblin hits you with a cursed -2 club.
* * * LOW HITPOINT WARNING * * *
You take 4 damage, and have 7/27 hp.
You hit the hobgoblin.
You kill the hobgoblin!
The rat bites you.
* * * LOW HITPOINT WARNING * * *
Things that are here:
a cursed -2 club; a hobgoblin corpse You take 1 damage, and have 6/27 hp.
You barely miss the rat. The rat barely misses you.
You hit the rat but do no damage. The rat bites you but does no damage.
You hit the rat.
You kill the rat!
A bat comes into view.
The bat barely misses you.
You miss the bat. The bat misses you. The bat closely misses you.
The bat misses you.
You hit the bat but do no damage. The bat misses you.
The bat barely misses you.
You hit the bat.
You kill the bat!
A goblin comes into view. It is wielding a +0 dagger.
You open the door.
The goblin shouts!
You open the door.
A bat and a kobold come into view.
There is an open door here.
The kobold throws a stone.
The stone hits you but does no damage.
You see here a stone.
The bat barely misses you.
You see here a metallic silvery potion.
g - a metallic silvery potion The bat closely misses you.
The goblin hits you but does no damage.
You hit the goblin but do no damage. The bat closely misses you.
The goblin hits you with a +0 dagger.
You barely miss the goblin. The bat hits you but does no damage.
The goblin hits you with a +0 dagger.
* * * LOW HITPOINT WARNING * * *
You take 3 damage, and have 3/27 hp.
You closely miss the goblin. You hit the kobold but do no damage.
The kobold barely misses you. The goblin barely misses you.
The kobold barely misses you.
You barely miss the kobold. You hit the goblin but do no damage.
The goblin hits you with a +0 dagger.
* * * LOW HITPOINT WARNING * * *
The kobold hits you.
You die...

* *, ####### ####### *
#.....## #.....##### ,
*
.###......###..........
*, ,
..........#............
* #......#............
, #..b(..#...###......
#.#Kg..'...'.+...... *
,, , #@####...###......
, #.# #...# ####### ,
,,,, ,..#* #...# *# ,
.... ...... ,+ ,* ,
..... ........ , #
................##..# ,
.#####.#####.###.....#
, .. , .#.. ......# *
#.# *#.$...#


You could see a goblin, a bat and a kobold.

Vanquished Creatures
  A dart slug (D:1)
  2 goblins (D:1)
  2 hobgoblins (D:1)
  3 kobolds (D:1)
  A bat (D:1)
  2 rats (D:1)
11 creatures vanquished.

Notes
Turn   | Place    | Note
-------+----------+-------------------------------------------
     0 | D:1      | Irenicus the Deep Dwarf Monk began the quest for the Orb.
     0 | D:1      | Reached XP level 1. HP: 20/20 MP: 1/1
   126 | D:1      | Reached skill level 4 in Axes
   126 | D:1      | Reached XP level 2. HP: 13/27 MP: 2/2
   204 | D:1      | HP: 6/27 [rat (1)]
   248 | D:1      | HP: 3/27 [goblin/+0 dagger (3)]
   250 | D:1      | HP: 1/27 [goblin/+0 dagger (2)]
   250 | D:1      | Slain by a kobold

Skill      XL: |  1 |
---------------+----+-----
Axes           | 4 |  4.2
Fighting       | |  2.6
Dodging        | |  3.2
Stealth        | |  2.4

Action                   || total
-------------------------++-------
Melee: Hand axe          ||    40
 Stab: Sleeping          ||     1
Armor: Robe              ||     5
Dodge: Dodged            ||    35

Levels and vault maps discovered:
D:1:      evilmike_arrival_hilbert_curve, layout_basic

Table legend:
 A = Turns spent in this place as a percentage of turns spent in the entire game.
 B = Non-inter-level travel turns spent in this place as a percentage of non-inter-level travel turns spent in the entire game.
 C = Inter-level travel turns spent in this place as a percentage of turns spent in this place.
 D = Turns resting spent in this place as a percentage of non-inter-level travel turns spent in this place.
 E = Turns spent auto-exploring this place as a percentage of non-inter-level travel turns spent in this place.
 F = Non-inter-level travel turns spent in this place divided by the number of levels of this place that you've seen.
                   A       B       C       D       E      F
               +-------+-------+-------+-------+-------+----------------------
         Total | 100.0 | 100.0 |   0.0 |   0.0 |   0.0 | 250.0
       Dungeon | 100.0 | 100.0 |   0.0 |   0.0 |   0.0 | 250.0
               +-------+-------+-------+-------+-------+----------------------

Table legend:
 A = Kills in this place as a percentage of kills in entire the game.
 B = Kills by you in this place as a percentage of kills by you in the entire game.
 C = Kills by friends in this place as a percentage of kills by friends in the entire game.
 D = Other kills in this place as a percentage of other kills in the entire game.
 E = Experience gained in this place as a percentage of experience gained in the entire game.
 F = Experience gained in this place divided by the number of levels of this place that you have seen.
                   A       B       C       D       E      F
               +-------+-------+-------+-------+-------+----------------------
         Total | 100.0 | 100.0 |   N/A |   N/A | 100.0 |  21.0
       Dungeon | 100.0 | 100.0 |   N/A |   N/A | 100.0 |  21.0
               +-------+-------+-------+-------+-------+----------------------
